 Dungeon Crawl Stone Soup version 0.24-a0-250-g6074511 (webtiles) character file.

Game seed: 5025391669466544865

186 Borgoz the Cutter (level 5, -1/32 HPs)
             Began as a Kobold Gladiator on Apr 14, 2019.
             Slain by a gnoll
             ... wielding a +0 club
              (5 damage)
             ... on level 4 of the Dungeon.
             The game lasted 00:05:53 (3069 turns).

Borgoz the Cutter (Kobold Gladiator)                Turns: 3069, Time: 00:05:54

Health: -1/32      AC:  6    Str: 12    XL:     5   Next: 98%
Magic:  5/5        EV: 23    Int:  9    God:
Gold:   156        SH:  0    Dex: 22    Spells: 4/4 levels left

rFire    . . .     SeeInvis .   a - +0 rapier
rCold    . . .     Gourm    .   (shield restricted)
rNeg     . . .     Faith    .   b - +0 leather armour
rPois    .         Spirit   .   c - +0 helmet
rElec    .         Reflect  .   (no cloak)
rCorr    +         Harm     .   (no gloves)
MR       .....                  t - +1 pair of boots
Stlth    +++.......             (no amulet)
HPRegen  0.10/turn              j - ring of wizardry
MPRegen  0.09/turn              r - ring of resist corrosion

@: agile, flying, very slightly contaminated, invisible
A: small, carnivore
a: no special abilities


You were on level 4 of the Dungeon.
You were very full.

You visited 1 branch of the dungeon, and saw 4 of its levels.

You collected 156 gold pieces.

Inventory:

Hand Weapons
 a - a +0 rapier (weapon)
Missiles
 d - a throwing net (quivered)
Armour
 b - a +0 leather armour (worn)
 c - a +0 helmet (worn)
 t - a +1 pair of boots (worn)
Jewellery
 j - a ring of wizardry (left hand)
 r - a ring of resist corrosion (right hand)
Wands
 n - a wand of acid (6)
Scrolls
 e - 2 scrolls of remove curse {unknown}
 g - 2 scrolls of random uselessness {unknown}
 h - a scroll of fog {unknown}
 i - a scroll of enchant weapon {unknown}
 k - 2 scrolls of identify {unknown}
 l - 5 scrolls of teleportation {unknown}
 m - a scroll of amnesia {unknown}
 u - a scroll of immolation {unknown}
Potions
 o - a potion of haste
 p - a potion of invisibility
Comestibles
 f - 3 rations


   Skills:
 + Level 3.6 Fighting
 + Level 5.3 Short Blades
 - Level 2.1 Throwing
 + Level 1.9 Armour
 + Level 4.8 Dodging


You had 4 spell levels left.
You didn't know any spells.
Your spell library was empty.

Dungeon Overview and Level Annotations

Branches:
Dungeon (4/15)
 Temple: D:4-7

Altars:
Ashenzari
Fedhas
Nemelex Xobeh
Trog
Uskayaw

Annotations:
D:4 1 runed translucent door, Crazy Yiuf


Innate Abilities, Weirdness & Mutations

You are small and have problems with some larger weapons.
You are carnivorous and can eat meat at any time.


Message History

It was a potion of agility.
You feel agile all of a sudden. The gnoll closely misses you.
The gnoll barely misses you.
You are too injured to fight recklessly!
You are too injured to fight recklessly!
You hit the gnoll but do no damage.
The gnoll is heavily wounded.
The gnoll completely misses you.
You barely miss the gnoll. The gnoll completely misses you.
The gnoll misses you.
Found 9 gold pieces.
Found an escape hatch in the ceiling.
You hit the gnoll.
The gnoll is severely wounded.
The gnoll closely misses you. The gnoll misses you.
You puncture the gnoll!
You kill the gnoll!
The gnoll misses you.
You hit the gnoll but do no damage. You barely miss the gnoll.
The gnoll hits you with a +0 club.
You die...

####.
###.... $##
###...###
#..#
####...###
#..#
###....###
#..#
###....###
#..##...####
##g.†###
#.@)##
#...g.#
#.....#
#.).....#
#...#....#
#..#####..
#... <.#
#..# #..


You could see 2 gnolls.

Vanquished Creatures
  An orc priest (D:4)
  2 worker ants
  2 adders
  A gnoll (D:4)
  An ooze (D:1)
  2 worms
  3 leopard geckos
  2 orcs (D:4)
  7 bats
  A giant cockroach (D:1)
  5 goblins
  10 hobgoblins
  3 jackals (D:3)
  3 quokkas
  7 frilled lizards
  7 kobolds
  A leopard gecko skeleton (D:4)
  10 rats
68 creatures vanquished.

Notes
Turn   | Place    | Note
-------+----------+-------------------------------------------
     0 | D:1      | Borgoz the Kobold Gladiator began the quest for the Orb.
     0 | D:1      | Reached XP level 1. HP: 12/12 MP: 1/1
    86 | D:1      | Reached XP level 2. HP: 18/18 MP: 2/2
   413 | D:1      | Reached XP level 3. HP: 18/22 MP: 3/3
   944 | D:2      | Found a bloodstained altar of Trog.
   944 | D:2      | Found a blossoming altar of Fedhas.
   944 | D:2      | Found a sparkling altar of Nemelex Xobeh.
   944 | D:2      | Found a hide-covered altar of Uskayaw.
  1018 | D:2      | Reached skill level 1 in Armour
  1303 | D:2      | Reached XP level 4. HP: 23/28 MP: 4/4
  1788 | D:3      | Reached skill level 5 in Short Blades
  1789 | D:3      | Reached XP level 5. HP: 19/32 MP: 5/5
  2165 | D:4      | Found a shattered altar of Ashenzari.
  2303 | D:4      | Found a runed translucent door.
  2304 | D:4      | Noticed Crazy Yiuf
  3069 | D:4      | Slain by a gnoll

Levels and vault maps discovered:
D:1:      elethiomel_arrival_infinity_welcomes_careful_drivers, layout_basic,
          minmay_octomino_c4
D:2:      layout_basic, grunt_temple_overflow_open
D:3:      layout_basic, item_on_display_a
D:4:      layout_cave_pods, grunt_temple_overflow_champion_of_chaos,
          old_standard_altar, nicolae_overflow_crystal_walls, serial_shops,
          shop, first_ration, uniq_crazy_yiuf_cottage

Skill      XL: |  1  2  3  4 |
---------------+-------------+-----
Dodging        | 4 |  4.8
Armour         | 1 |  1.9
Fighting       | 3 |  3.6
Short Blades   | 5 |  5.3
Throwing       | |  2.1

Action                   |  1- 3 |  4- 6 || total
-------------------------+-------+-------++-------
Melee: Rapier            |    97 |   151 ||   248
Throw: Throwing net      |     1 |     1 ||     2
  Use: Potion            |       |     4 ||     4
 Stab: Sleeping          |     1 |       ||     1
  Eat: Chunk             |    10 |     4 ||    14
Armor: Leather armour    |    21 |    19 ||    40
Dodge: Dodged            |    97 |   121 ||   218

Table legend:
 A = Non-vault XP
 B = Vault XP
 C = Vault XP percentage of total XP
 D = Non-vault monster count
 E = Vault monster count
 F = Vault count percentage of total count
                 A         B        C        D         E       F
            +---------+---------+-------+---------+---------+-------
      Total |     259 |       8 |   3.0 |      62 |       6 |   8.8
            +---------+---------+-------+---------+---------+-------
        D:1 |      30 |       8 |  21.1 |      16 |       6 |  27.3
        D:2 |      81 |       0 |   0.0 |      19 |       0 |   0.0
        D:3 |      46 |       0 |   0.0 |      17 |       0 |   0.0
        D:4 |     102 |       0 |   0.0 |      10 |       0 |   0.0
            +---------+---------+-------+---------+---------+-------
